 Dungeon Crawl Stone Soup version 0.32-a0-886-g41c5271027 (webtiles) character file.

Game seed: 16098185988753756573

159 Dirtsage the Cudgeller (level 5, 33/41 HPs)
             Began as a Demonspawn Monk on Apr 3, 2024.
             Quit the game on level 4 of the Dungeon.
             The game lasted 00:02:50 (1973 turns).

Dirtsage the Cudgeller (Demonspawn Monk)            Turns: 1973, Time: 00:02:51

Health: 33/41      AC:  6    Str: 13    XL:     5   Next: 17%
Magic:  5/5        EV: 15    Int: 10    God:
Gold:   79         SH:  4    Dex: 16    Spells: 4/4 levels left

rFire   . . .        s - +0 flail
rCold   . . .        d - orb {light}
rNeg    + . .        m - +0 ring mail
rPois   .            (no helmet)
rElec   .            (no cloak)
rCorr   .            (no gloves)
SInv    .            e - +0 pair of boots
Will    .....        (no amulet)
Stlth   +            N - ring of positive energy
HPRegen 0.26/turn    o - +5 ring of evasion
MPRegen 0.09/turn

%: no passive effects
@: glowing
A: large bone plates 1, spiny 1, demonic magic 1
a: no special abilities


You were on level 4 of the Dungeon.
You visited 1 branch of the dungeon, and saw 4 of its levels.

You collected 79 gold pieces.

Inventory:

Hand Weapons
 a - a +0 mace
 s - a +0 flail (weapon)
Armour
 b - a +0 robe
 d - an orb of light (worn)
 e - a +0 pair of boots (worn)
 m - a +0 ring mail (worn)
Jewellery
 o - a +5 ring of evasion (right hand)
 N - a ring of positive energy (left hand)
Scrolls
 f - a scroll of revelation {unknown}
 h - a scroll of enchant armour {unknown}
 i - a scroll of poison {unknown}
 k - a scroll of fog {unknown}
 l - a scroll of teleportation {unknown}
 p - 3 scrolls of vulnerability {unknown}
 r - a scroll of silence {unknown}
 v - 2 scrolls of noise {unknown}
Potions
 c - a potion of ambrosia
 g - a potion of attraction {unknown}
 j - 3 potions of heal wounds {unknown}
 n - a potion of degeneration {unknown}
 q - 2 potions of brilliance {unknown}
 t - a potion of mutation {unknown}
 u - a potion of magic {unknown}


   Skills:
 - Level 3.0 Fighting
 + Level 5.4 Maces & Flails
 - Level 2.6 Dodging


You had 4 spell levels left.
You didn't know any spells.
Your spell library contained the following spells:

 Spells                   Type           Power      Damage    Failure   Level
 Slow                     Hex            0%         N/A       63%         1
 Confusing Touch          Hex            0%         N/A       94%         3
 Vampiric Draining        Necr           0%         2d6       94%         3


Dungeon Overview and Level Annotations

Branches:
Dungeon (4/15)
 Temple: D:4-7

Altars:
Ashenzari
Sif Muna


Innate Abilities, Weirdness & Mutations

You are partially covered in large bone plates. (SH +4)
You are partially covered in sharp spines.
Spells you cast may paralyse adjacent enemies.


Message History

The hobgoblin is struck by your spines.
You kill the hobgoblin!
No target in view!
No target in view!
Done exploring.
You see here a +0 ring mail.
There is a stone staircase leading down here.
You climb downwards.
There is a stone staircase leading up here.
A dart slug comes into view.
The dart slug is struck by your spines. The dart slug misses you.
You sock the dart slug!
You kill the dart slug!
No target in view!
No target in view!
You see here a dart slug corpse.
A hound comes into view.
The hound barks!
An ogre and an endoplasm come into view.
The ogre shouts!
The endoplasm quivers.
The hound is struck by your spines. The hound bites you.
You take 3 damage, and have 32/35 hp.
You hit the hound.
The hound is heavily wounded.
The hound bites you.
A ball python comes into view.
The hound misses you.
You take 5 damage, and have 27/35 hp.
The hound attacks as it pursues you! The hound is struck by your spines.
The hound bites you but does no damage. The hound is struck by your spines.
The hound closely misses you. The hound attacks as it pursues you!
The hound is struck by your spines.
You kill the hound!
You have reached level 5!
Your demonic ancestry asserts itself...
A menacing aura infuses your magic.
You regained 5 hp, and now have 33/41 hp.
MP restored: 5 Are you sure you want to abandon this character and quit the game? (Confirm with "yes".)

....≈.#
..♣.... ...#
≈....♣.# #..#
..♣.....###..#
....≈.≈..##..#
.≈.......##..#
...♣O..♣.##..#
♣....≈...##..#
...♣...♣..@..#
.§.§......##.#
S.§§§§≈...##.#
..♣§§§...###.#
≈....♣...# #.#
..♣.....## #.#
....≈.≈. #.#
≈...... #.#
#†#


You could see an ogre.

Vanquished Creatures
  A hound (D:4)
  An adder (D:2)
  4 gnolls (D:3)
  3 dart slugs
  A ribbon worm (D:2)
  An orc (D:3)
  2 ball pythons
  3 endoplasms
  14 giant cockroaches
  5 hobgoblins
  9 jackals
  4 bats
  4 frilled lizards
  3 goblins
  8 kobolds
  8 rats
71 creatures vanquished.

Notes
Turn   | Place    | Note
-------+----------+-------------------------------------------
     0 | D:1      | Dirtsage the Demonspawn Monk began the quest for the Orb.
     0 | D:1      | Reached XP level 1. HP: 18/18 MP: 1/1
    35 | D:1      | Reached skill level 3 in Maces & Flails
   112 | D:1      | Gained mutation: You are partially covered in large bone
                  | plates. (SH +4) [demonic ancestry]
   112 | D:1      | Reached XP level 2. HP: 24/24 MP: 2/2
   197 | D:1      | Found a faded altar of an unknown god.
   347 | D:1      | Gained mutation: You are partially covered in sharp spines.
                  | [demonic ancestry]
   347 | D:1      | Reached XP level 3. HP: 27/29 MP: 3/3
   691 | D:2      | Reached skill level 4 in Maces & Flails
   799 | D:2      | Found a shimmering blue altar of Sif Muna.
  1411 | D:3      | Reached XP level 4. HP: 34/35 MP: 4/4
  1432 | D:3      | Reached skill level 5 in Maces & Flails
  1645 | D:3      | Found a broken altar of Ashenzari.
  1968 | D:4      | Noticed an ogre
  1973 | D:4      | Gained mutation: Spells you cast may paralyse adjacent
                  | enemies. [demonic ancestry]
  1973 | D:4      | Reached XP level 5. HP: 33/41 MP: 5/5
  1973 | D:4      | Quit the game

Illustrated notes

Levels and vault maps discovered:
D:1:      lightli_arrival_maybe_door_vault, layout_rooms,
          hellmonk_ecumenical_altar_heavens_door
D:2:      layout_loops_corners, basic_altar, columned_hall_lemuel
D:3:      minmay_roachtagon, layout_rooms, evilmike_ruin_ashenzari
D:4:      minmay_bubble_buster, layout_basic, nicolae_kite_square_tiling_tiny

Skill      XL: |  1  2  3  4 |
---------------+-------------+-----
Maces & Flails | 3 4 5 |  5.4
Fighting       | |  3.0
Dodging        | |  2.6

Action                     |  1- 3 |  4- 6 || total
---------------------------+-------+-------++-------
  Melee: Mace              |    99 |    20 ||   119
         Flail             |       |    20 ||    20
 Armour: Robe              |    34 |       ||    34
         Ring mail         |     9 |    14 ||    23
  Dodge: Dodged            |    61 |    32 ||    93

Table legend: (Time is in decaauts)
 A = Elapsed time spent in this place.
 B = Non-inter-level travel time spent in this place.
 C = Inter-level travel time spent in this place.
 D = Time resting spent in this place.
 E = Time spent auto-exploring this place.
 F = Levels seen in this place.
 G = Mean time per level.
                   A        B        C        D        E       F      G
               +--------+--------+--------+--------+--------+-----+--------+
         Total |   2004 |   1904 |    100 |      0 |   1516 |   4 |  501.0 |
       Dungeon |   2004 |   1904 |    100 |      0 |   1516 |   4 |  501.0 |
               +--------+--------+--------+--------+--------+-----+--------+

Top non-repeatable levels by time:
     D:2: 865 daAuts
     D:3: 555 daAuts
     D:1: 555 daAuts
     D:4: 27 daAuts
